[Event "80th ARM-ch 1st League 2019"]
[Site "Yerevan"]
[Date "2019.08.18"]
[Round "1.1"]
[White "Chaqryan, Erik"]
[Black "Davtyan, Artur"]
[Result "0-1"]
[ECO "D31"]
[WhiteElo "2105"]
[BlackElo "2440"]
[Annotator "ChessBase"]
[PlyCount "96"]
[EventDate "2019.08.18"]
[EventType "tourn"]
[EventCountry "ARM"]
[SourceTitle "playchess.com"]
[Source "ChessBase"]
[SourceQuality "1"]
[TimeControl "40/5400+30:1800+30"]

1. d4 d5 2. c4 e6 3. Nc3 Be7 4. cxd5 exd5 5. Bf4 c6 6. e3 Bf5 7. g4 Be6 8. h4 Nd7 9. g5 h6 10. g6 Ngf6 11. Bd3 O-O 12. Nge2 Nh5 13. gxf7+ Bxf7 14. Qc2 Bxh4 15. Bf5 Nb6 16. Rh2 Nc4 17. O-O-O Qe7 18. Rdh1 Nxf4 19. Rxh4 Nxe2+ 20. Nxe2 Nd6 21. Bh7+ Kh8 22. Nf4 Ne4 23. Bxe4 dxe4 24. Qe2 Qf6 25. Kb1 Rad8 26. Qc2 Rde8 27. Qc5 b6 28. Qa3 c5 29. dxc5 bxc5 30. Qxc5 Rd8 31. Ne2 Kg8 32. Rf4 Qa6 33. Nc1 Rc8 34. Qe5 Qc4 35. Qc3 Qa4 36. b3 Rxc3 37. bxa4 Rb8+ 38. Ka1 Rc4 39. Rd1 Rxa4 40. Rd4 Rxd4 41. exd4 g5 42. Rf6 Rb6 43. Rxb6 axb6 44. Ne2 h5 45. Ng3 e3 46. fxe3 h4 47. Ne4 h3 48. Ng3 h2 0-1

[Event "80th ARM-ch 1st League 2019"]
[Site "Yerevan"]
[Date "2019.08.18"]
[Round "1.2"]
[White "Gharibyan, Mamikon"]
[Black "Shahinyan, David"]
[Result "1-0"]
[ECO "A40"]
[WhiteElo "2365"]
[BlackElo "2452"]
[Annotator "ChessBase"]
[PlyCount "73"]
[EventDate "2019.08.18"]
[EventType "tourn"]
[EventCountry "ARM"]
[SourceTitle "playchess.com"]
[Source "ChessBase"]
[SourceQuality "1"]
[TimeControl "40/5400+30:1800+30"]

1. d4 e6 2. c4 b6 3. a3 Bb7 4. Nc3 f5 5. Bf4 Nf6 6. e3 Be7 7. Nh3 O-O 8. Bg3 Qc8 9. Nf4 Nc6 10. Bd3 Nd8 11. O-O d6 12. Qe2 c6 13. Nh5 Ne8 14. Bc2 g6 15. Nf4 Bf6 16. Bb3 e5 17. dxe5 dxe5 18. Nd3 Qe6 19. Ba2 Kh8 20. Rfd1 Qe7 21. Rac1 Nd6 22. c5 N6f7 23. cxb6 axb6 24. Qc2 h5 25. h3 h4 26. Bh2 Bc8 27. Nb4 Bg7 28. Nxc6 Nxc6 29. Nd5 Qg5 30. Qxc6 Rb8 31. f4 Qh6 32. Ne7 Bb7 33. Qxg6 Rbe8 34. Qxh6+ Nxh6 35. Ng6+ Kh7 36. Nxf8+ Rxf8 37. Rc7 1-0

[Event "80th ARM-ch 1st League 2019"]
[Site "Yerevan"]
[Date "2019.08.18"]
[Round "1.3"]
[White "Gevorgyan, Albert"]
[Black "Baghdasaryan, Vahe"]
[Result "1/2-1/2"]
[ECO "A33"]
[WhiteElo "2175"]
[BlackElo "2373"]
[Annotator "ChessBase"]
[PlyCount "86"]
[EventDate "2019.08.18"]
[EventType "tourn"]
[EventCountry "ARM"]
[SourceTitle "playchess.com"]
[Source "ChessBase"]
[SourceQuality "1"]
[TimeControl "40/5400+30:1800+30"]

1. Nf3 c5 2. c4 Nc6 3. d4 cxd4 4. Nxd4 Nf6 5. Nc3 e6 6. Bf4 Bc5 7. Ndb5 e5 8. Bg5 O-O 9. e3 d6 10. a3 a6 11. Bxf6 gxf6 12. b4 axb5 13. bxc5 dxc5 14. cxb5 Qa5 15. Rc1 Ne7 16. Bc4 Bf5 17. O-O Rfd8 18. Qf3 Qb6 19. a4 Kg7 20. h3 Bd3 21. Bxd3 Rxd3 22. Ne4 Rd5 23. Rc4 f5 24. Ng3 e4 25. Qf4 Ng6 26. Nh5+ Kh8 27. Qh6 Rg8 28. Rcc1 Qd6 29. Qg5 Ra8 30. Nf6 Qe7 31. h4 Rd6 32. Nh5 Qxg5 33. hxg5 b6 34. Rfd1 Rxd1+ 35. Rxd1 Ne5 36. Rd5 Ng4 37. a5 bxa5 38. Rxc5 h6 39. b6 Rb8 40. Rxa5 Rxb6 41. Ra8+ Kh7 42. Nf6+ Nxf6 43. gxf6 Rxf6 1/2-1/2

[Event "80th ARM-ch 1st League 2019"]
[Site "Yerevan"]
[Date "2019.08.18"]
[Round "1.6"]
[White "Harutjunyan, Gevorg"]
[Black "Hoghmrtsyan, Artur"]
[Result "1-0"]
[ECO "D31"]
[WhiteElo "2455"]
[BlackElo "2317"]
[Annotator "ChessBase"]
[PlyCount "89"]
[EventDate "2019.08.18"]
[EventType "tourn"]
[EventCountry "ARM"]
[SourceTitle "playchess.com"]
[Source "ChessBase"]
[SourceQuality "1"]
[TimeControl "40/5400+30:1800+30"]

1. c4 e6 2. Nc3 d5 3. d4 Be7 4. Nf3 Nf6 5. g3 O-O 6. Bg2 Nbd7 7. O-O dxc4 8. e4 c6 9. a4 b6 10. Qe2 Ba6 11. b3 e5 12. dxe5 Ng4 13. Bf4 Bb4 14. Na2 Qe7 15. h3 Nh6 16. Nd4 Bc5 17. Nxc6 Qe6 18. b4 Qxc6 19. bxc5 Nxc5 20. Nb4 Qe6 21. Nxa6 Nxa6 22. Rfc1 Rac8 23. Bf1 Kh8 24. Rxc4 Nc5 25. Rd1 Ng8 26. Rd6 Qe8 27. Qc2 Ne7 28. Be3 Nc6 29. Bxc5 Nxe5 30. Ba3 Nxc4 31. Bxc4 Qe5 32. Rd1 Rfe8 33. Qb3 Qxe4 34. Bxf7 Red8 35. Bb2 Qe2 36. Rxd8+ Rxd8 37. Bd5 Qd2 38. Bf3 Qe1+ 39. Kg2 Rd2 40. Bxg7+ Kxg7 41. Qc3+ Kg6 42. Qc6+ Kg7 43. Qc7+ Kg6 44. Bh5+ Kh6 45. Qf4+ 1-0

[Event "80th ARM-ch 1st League 2019"]
[Site "Yerevan"]
[Date "2019.08.18"]
[Round "1.7"]
[White "Torosyan, Norayr"]
[Black "Khojayan, Vardan"]
[Result "1-0"]
[ECO "B23"]
[WhiteElo "2365"]
[BlackElo "2236"]
[Annotator "ChessBase"]
[PlyCount "75"]
[EventDate "2019.08.18"]
[EventType "tourn"]
[EventCountry "ARM"]
[SourceTitle "playchess.com"]
[Source "ChessBase"]
[SourceQuality "1"]
[TimeControl "40/5400+30:1800+30"]

1. e4 c5 2. Nc3 e6 3. Nge2 a6 4. g3 b5 5. Bg2 Bb7 6. d4 cxd4 7. Nxd4 Nf6 8. a3 d6 9. O-O Qc7 10. Re1 Be7 11. a4 bxa4 12. Rxa4 O-O 13. Rb4 Nfd7 14. Rxb7 Qxb7 15. e5 d5 16. Nxe6 fxe6 17. Nxd5 Kh8 18. Nxe7 Qb4 19. Bxa8 Qxe7 20. Qd6 Qf7 21. f4 Rc8 22. c3 Nf8 23. Be3 Ng6 24. Rd1 h5 25. Qb6 Re8 26. Rd8 Qg8 27. Rxe8 Qxe8 28. Be4 Nf8 29. c4 h4 30. c5 Nfd7 31. Qd6 Qh5 32. Kf2 hxg3+ 33. hxg3 Qh2+ 34. Bg2 Qh7 35. c6 Qc2+ 36. Qd2 Qxd2+ 37. Bxd2 Nb6 38. Ba5 1-0

[Event "80th ARM-ch 1st League 2019"]
[Site "Yerevan"]
[Date "2019.08.19"]
[Round "2.1"]
[White "Khojayan, Vardan"]
[Black "Gevorgyan, Albert"]
[Result "1/2-1/2"]
[ECO "D11"]
[WhiteElo "2236"]
[BlackElo "2175"]
[Annotator "ChessBase"]
[PlyCount "68"]
[EventDate "2019.08.18"]
[EventType "tourn"]
[EventCountry "ARM"]
[SourceTitle "playchess.com"]
[Source "ChessBase"]
[SourceQuality "1"]
[TimeControl "40/5400+30:1800+30"]

1. d4 d5 2. Nf3 Nf6 3. c4 c6 4. e3 e6 5. Bd3 Nbd7 6. O-O dxc4 7. Bxc4 b5 8. Be2 Bb7 9. a4 a6 10. Nbd2 Be7 11. e4 Qb6 12. e5 Nd5 13. Ne4 h6 14. Qb3 O-O 15. Bd2 c5 16. axb5 cxd4 17. Ba5 Qa7 18. Bd2 Nc7 19. Nd6 Bd5 20. Qa3 Qb8 21. bxa6 Nxa6 22. Qd3 Nac5 23. Rxa8 Bxa8 24. Qxd4 Nb3 25. Qe3 Bxf3 26. gxf3 Nxe5 27. Ne4 f5 28. Bc3 Nf7 29. Ng3 f4 30. Qxe6 fxg3 31. Qg6 Ne5 32. Qe6+ Nf7 33. Qg6 Ne5 34. Qe6+ Nf7 1/2-1/2

[Event "80th ARM-ch 1st League 2019"]
[Site "Yerevan"]
[Date "2019.08.19"]
[Round "2.2"]
[White "Harutjunyan, Gevorg"]
[Black "Chaqryan, Erik"]
[Result "1-0"]
[ECO "A05"]
[WhiteElo "2455"]
[BlackElo "2105"]
[Annotator "ChessBase"]
[PlyCount "73"]
[EventDate "2019.08.18"]
[EventType "tourn"]
[EventCountry "ARM"]
[SourceTitle "playchess.com"]
[Source "ChessBase"]
[SourceQuality "1"]
[TimeControl "40/5400+30:1800+30"]

1. Nf3 Nf6 2. g3 g6 3. b3 Bg7 4. Bb2 O-O 5. Bg2 d6 6. d4 Nbd7 7. O-O e5 8. dxe5 Ng4 9. c4 Ngxe5 10. Nc3 Nxf3+ 11. Bxf3 Ne5 12. Bg2 Re8 13. Qd2 Rb8 14. Rad1 Be6 15. Qc1 Qc8 16. f4 Ng4 17. e4 f5 18. Rfe1 a6 19. exf5 gxf5 20. Nd5 Bxd5 21. Bxd5+ Kh8 22. Qc3 Qd7 23. Be6 Bxc3 24. Bxc3+ Qg7 25. Bxg7+ Kxg7 26. Bxf5 Ne3 27. Bd7 Re7 28. Bh3 Rbe8 29. Rd2 b5 30. Rde2 bxc4 31. bxc4 Kf7 32. Bg2 Nc2 33. Rxe7+ Rxe7 34. Rxe7+ Kxe7 35. Be4 Ne3 36. Bxh7 Nxc4 37. Bd3 1-0

[Event "80th ARM-ch 1st League 2019"]
[Site "Yerevan"]
[Date "2019.08.19"]
[Round "2.3"]
[White "Davtyan, Artur"]
[Black "Hayrapetyan, Hovik"]
[Result "1/2-1/2"]
[ECO "B68"]
[WhiteElo "2440"]
[BlackElo "2453"]
[Annotator "ChessBase"]
[PlyCount "114"]
[EventDate "2019.08.18"]
[EventType "tourn"]
[EventCountry "ARM"]
[SourceTitle "playchess.com"]
[Source "ChessBase"]
[SourceQuality "1"]
[TimeControl "40/5400+30:1800+30"]

1. e4 c5 2. Nf3 Nc6 3. d4 cxd4 4. Nxd4 Nf6 5. Nc3 d6 6. Bg5 e6 7. Qd2 a6 8. O-O-O Bd7 9. f4 Be7 10. Nf3 h6 11. Bxf6 gxf6 12. Bd3 Qa5 13. Kb1 O-O-O 14. Rhe1 Kb8 15. a3 h5 16. Bf1 Bc8 17. Qf2 Qc5 18. Qxc5 dxc5 19. Nd5 exd5 20. exd5 Bd6 21. dxc6 Bxf4 22. Rxd8 Rxd8 23. g3 Bc7 24. Bc4 Bg4 25. Nh4 bxc6 26. Bxf7 Rd2 27. h3 Bxh3 28. Bxh5 Bxg3 29. Re3 Bxh4 30. Rxh3 Bg5 31. Rc3 Rh2 32. Be8 Re2 33. Bxc6 Be3 34. Rb3+ Kc7 35. Bf3 Re1+ 36. Ka2 f5 37. Rb7+ Kd6 38. Rb6+ Ke5 39. Rxa6 Rf1 40. Be2 Rf2 41. Bd3 c4 42. Ra5+ Kf6 43. Bxc4 Rxc2 44. Rxf5+ Kxf5 45. Bd3+ Ke5 46. Bxc2 Kd4 47. Kb3 Kc5 48. Ka4 Kb6 49. b4 Bf4 50. Kb3 Bd6 51. Kc4 Be7 52. a4 Bd6 53. a5+ Ka7 54. Be4 Be7 55. Bf3 Bd6 56. b5 Bc7 57. Kb4 Bd8 1/2-1/2

[Event "80th ARM-ch 1st League 2019"]
[Site "Yerevan"]
[Date "2019.08.19"]
[Round "2.6"]
[White "Shahinyan, David"]
[Black "Mikaelyan, Arman"]
[Result "1/2-1/2"]
[ECO "A45"]
[WhiteElo "2452"]
[BlackElo "2454"]
[Annotator "ChessBase"]
[PlyCount "156"]
[EventDate "2019.08.18"]
[EventType "tourn"]
[EventCountry "ARM"]
[SourceTitle "playchess.com"]
[Source "ChessBase"]
[SourceQuality "1"]
[TimeControl "40/5400+30:1800+30"]

1. d4 Nf6 2. Bf4 d5 3. e3 e6 4. Nd2 c5 5. c3 Bd6 6. Bg3 Qc7 7. Ngf3 Nbd7 8. Be2 O-O 9. O-O b6 10. Rc1 Bb7 11. c4 Bxg3 12. hxg3 dxc4 13. Bxc4 Rad8 14. Qe2 Qb8 15. Ba6 Bd5 16. Bd3 cxd4 17. Nxd4 Nc5 18. Bc4 Qb7 19. b4 e5 20. bxc5 exd4 21. Bxd5 Qxd5 22. exd4 bxc5 23. Rxc5 Qxa2 24. Qd3 Rfe8 25. Nc4 Qa4 26. Rd1 h6 27. Ne3 Rd7 28. d5 Red8 29. Qd4 Qxd4 30. Rxd4 Rb7 31. Rc1 g6 32. g4 Rd6 33. g3 a5 34. Rc5 Rb4 35. Rf4 Rxf4 36. gxf4 a4 37. Ra5 a3 38. Rxa3 Kf8 39. Ra5 Rb6 40. Kg2 Rb2 41. Kf3 Rd2 42. Ra7 Rd4 43. Ra8+ Ke7 44. Rh8 Nxd5 45. Nxd5+ Rxd5 46. Rxh6 Rd3+ 47. Ke4 Rd2 48. Ke3 Ra2 49. Rh8 Ra3+ 50. Ke4 f5+ 51. gxf5 Ra4+ 52. Ke3 Ra3+ 53. Ke2 gxf5 54. Rc8 Ra4 55. Ke3 Re4+ 56. Kf3 Ra4 57. Rc6 Rb4 58. Ra6 Rc4 59. Ke3 Re4+ 60. Kf3 Rb4 61. Kg3 Rc4 62. f3 Rb4 63. Rh6 Ra4 64. Rh4 Kf6 65. Kf2 Kg6 66. Ke3 Ra3+ 67. Ke2 Ra2+ 68. Ke3 Ra3+ 69. Kf2 Ra2+ 70. Kg3 Ra4 71. Rh8 Rb4 72. Ra8 Rc4 73. Ra6+ Kf7 74. Ra3 Kg6 75. Ra1 Rb4 76. Rg1 Kf6 77. Rc1 Kg6 78. Rc6+ Kf7 1/2-1/2

[Event "80th ARM-ch 1st League 2019"]
[Site "Yerevan"]
[Date "2019.08.19"]
[Round "2.7"]
[White "Hoghmrtsyan, Artur"]
[Black "Baghdasaryan, Vahe"]
[Result "0-1"]
[ECO "A40"]
[WhiteElo "2317"]
[BlackElo "2373"]
[Annotator "ChessBase"]
[PlyCount "82"]
[EventDate "2019.08.18"]
[EventType "tourn"]
[EventCountry "ARM"]
[SourceTitle "playchess.com"]
[Source "ChessBase"]
[SourceQuality "1"]
[TimeControl "40/5400+30:1800+30"]

1. d4 e6 2. c4 b6 3. a3 Bb7 4. Nc3 f5 5. d5 Na6 6. Nf3 Nf6 7. Bf4 Nc5 8. e3 d6 9. h3 Qe7 10. Be2 g6 11. b4 Nfe4 12. Nb5 a6 13. Nxd6+ cxd6 14. bxc5 bxc5 15. Qa4+ Qd7 16. Qxd7+ Kxd7 17. dxe6+ Kxe6 18. O-O Be7 19. Bd3 Rab8 20. Rfd1 Nc3 21. Rd2 Bxf3 22. gxf3 Bf6 23. Rc1 Rhd8 24. Rcc2 Rb3 25. Kg2 a5 26. Bf1 a4 27. Rd3 Nb1 28. Rd1 Nxa3 29. Rcd2 Rb6 30. e4 Nb1 31. exf5+ gxf5 32. Re1+ Kf7 33. Ra2 Nc3 34. Ra3 Rb3 35. Rea1 Rg8+ 36. Kh1 Nd1 37. Rxb3 Nxf2+ 38. Kh2 axb3 39. Ra7+ Ke6 40. Rb7 b2 41. Be2 Ra8 0-1

[Event "80th ARM-ch 1st League 2019"]
[Site "Yerevan"]
[Date "2019.08.20"]
[Round "3.1"]
[White "Chaqryan, Erik"]
[Black "Hoghmrtsyan, Artur"]
[Result "0-1"]
[ECO "D35"]
[WhiteElo "2105"]
[BlackElo "2317"]
[Annotator "NA"]
[PlyCount "90"]
[EventDate "2019.08.18"]
[EventType "tourn"]
[EventCountry "ARM"]
[SourceTitle "playchess.com"]
[Source "ChessBase"]
[SourceQuality "1"]
[TimeControl "40/5400+30:1800+30"]

1. d4 d5 2. c4 e6 3. Nc3 Nf6 4. cxd5 exd5 5. Bg5 c6 6. e3 Be7 7. Bd3 O-O 8. Qc2 h6 9. Bf4 Bd6 10. Nge2 Re8 11. O-O-O b5 12. h3 Na6 13. Qd2 $17 Nb4 14. Bb1 Ne4 15. Nxe4 dxe4 16. Bxd6 Qxd6 17. Nc3 Nd3+ 18. Bxd3 exd3 19. Qxd3 b4 20. Na4 Qd5 21. b3 Qxg2 22. Qd2 Bf5 23. Kb2 a5 24. h4 Rad8 25. Rc1 Rd6 26. Rhg1 Qh3 27. Rc5 Be4 28. h5 Qh2 29. Rd1 Bf3 30. Rdc1 Rf6 31. R1c2 Qh4 32. Re5 Rxe5 33. dxe5 Rf5 34. Rc5 Be4 35. f4 Rxh5 36. e6 Qf6+ 37. Qd4 Rh2+ 38. Kc1 Qxd4 39. exf7+ Kxf7 40. exd4 h5 41. Re5 Bd5 42. Nc5 h4 43. Rf5+ Kg8 44. Rh5 Bf3 45. Rg5 Rg2 0-1

[Event "80th ARM-ch 1st League 2019"]
[Site "Yerevan"]
[Date "2019.08.20"]
[Round "3.2"]
[White "Baghdasaryan, Vahe"]
[Black "Khojayan, Vardan"]
[Result "1-0"]
[ECO "C52"]
[WhiteElo "2373"]
[BlackElo "2236"]
[Annotator "NA"]
[PlyCount "159"]
[EventDate "2019.08.18"]
[EventType "tourn"]
[EventCountry "ARM"]
[SourceTitle "playchess.com"]
[Source "ChessBase"]
[SourceQuality "1"]
[TimeControl "40/5400+30:1800+30"]

1. e4 e5 2. Nf3 Nc6 3. Bc4 Bc5 4. b4 Bxb4 5. c3 Ba5 6. d4 d6 7. Qb3 Qd7 8. O-O Bb6 {[%emt 0:08:36] C52: Evans Gambit Accepted: 5 c3 Ba5} 9. Nbd2 (9. Bb5 a6 10. Ba4 Ba7 11. Na3 Nge7 12. d5 b5 13. Nxb5 axb5 14. Bxb5 O-O 15. dxc6 Qg4 16. Qc2 {0-1 (48) Li,C (2751)-Ding,L (2766) Huaian 2016}) 9... Nf6 10. dxe5 $1 Ng4 11. exd6 O-O $146 ({Predecessor:} 11... cxd6 12. Ba3 O-O 13. Rad1 Qc7 14. Bd5 Na5 15. Qc2 Bc5 16. Bb2 {1-0 (63) Hartmann,J (2087)-Erofeev,A (1951) Willingen 2018}) 12. Bb5 Qxd6 13. Ba3 Bc5 14. Nc4 Qe7 $1 15. Bxc6 bxc6 16. Bxc5 Qxc5 17. Qb4 Qh5 18. Qa5 Qb5 19. Qxb5 $11 cxb5 20. Na5 Nf6 21. e5 Ne4 22. Rac1 Be6 23. Nd4 Bxa2 24. Nxb5 Rab8 25. Nxa7 Rb2 26. N7c6 f6 27. f3 Nc5 28. exf6 Rxf6 29. Nb4 Be6 30. Rf2 Rxf2 31. Kxf2 g5 32. Re1 g4 33. Re5 Nd7 34. Rg5+ Kf8 35. Nd5 Bxd5 36. Rxd5 Ke7 37. Rh5 h6 38. Nc4 gxf3 39. gxf3 Rc6 40. Ne3 Kf7 41. c4 Kg6 42. Rh4 Nf6 43. f4 Rd6 44. Rh3 c5 45. Rxh6+ Kf7 46. Kf3 Rd4 47. Nf5 Rd3+ 48. Ke2 Ra3 49. Rh8 Ne4 50. h4 Kg6 51. Ne3 Ng3+ 52. Kf2 Ne4+ 53. Kf3 Nd2+ 54. Ke2 Ne4 55. h5+ Kg7 56. Rc8 Ng3+ 57. Kf3 Nf5 58. Re8 Nd6 59. h6+ Kh7 60. Re7+ Kh8 61. Kg4 Ra1 62. Rd7 Rg1+ 63. Kf3 Rg6 64. h7 Rh6 65. Ng4 Nf7 66. Nxh6 Ne5+ 67. Ke4 Nxd7 68. Kd5 Kxh7 69. Ng4 Kg7 70. f5 Kf8 71. Kd6 Ke8 72. f6 Nf8 73. Ne5 Nh7 74. f7+ Kf8 75. Kxc5 Ke7 76. Kb6 Ng5 77. c5 Ne4 78. c6 Nd6 79. c7 Kf8 80. Kc6 1-0

[Event "80th ARM-ch 1st League 2019"]
[Site "Yerevan"]
[Date "2019.08.20"]
[Round "3.3"]
[White "Gharibyan, Mamikon"]
[Black "Davtyan, Artur"]
[Result "1/2-1/2"]
[ECO "D37"]
[WhiteElo "2365"]
[BlackElo "2440"]
[Annotator "NA"]
[PlyCount "66"]
[EventDate "2019.08.18"]
[EventType "tourn"]
[EventCountry "ARM"]
[SourceTitle "playchess.com"]
[Source "ChessBase"]
[SourceQuality "1"]
[TimeControl "40/5400+30:1800+30"]

1. d4 Nf6 2. c4 e6 3. Nf3 d5 4. Nc3 Be7 5. cxd5 exd5 6. Qc2 c6 7. h3 O-O 8. Bf4 g6 9. e3 Bf5 10. Bd3 Bxd3 11. Qxd3 Na6 12. O-O Nc7 13. Rab1 Ne6 14. Bh2 a5 15. a3 Nd7 16. b4 b5 $15 17. Na2 Qc8 18. Ne5 f6 19. Nxd7 Qxd7 20. Rbc1 Rfc8 21. Rc2 axb4 22. Nxb4 Ra4 23. Qb3 Bxb4 24. axb4 Rca8 25. Rfc1 R8a6 26. Bg3 Kf7 27. Qc3 Qe7 28. Qd2 Qd7 29. f3 Kg7 30. Kh2 Ra3 31. Rc3 R3a4 32. R3c2 Ra3 33. Rc3 R3a4 1/2-1/2

[Event "80th ARM-ch 1st League 2019"]
[Site "Yerevan"]
[Date "2019.08.20"]
[Round "3.4"]
[White "Hayrapetyan, Hovik"]
[Black "Harutjunyan, Gevorg"]
[Result "1-0"]
[ECO "E68"]
[WhiteElo "2453"]
[BlackElo "2455"]
[Annotator "ChessBase"]
[PlyCount "117"]
[EventDate "2019.08.18"]
[EventType "tourn"]
[EventCountry "ARM"]
[SourceTitle "playchess.com"]
[Source "ChessBase"]
[SourceQuality "1"]
[TimeControl "40/5400+30:1800+30"]

1. Nf3 Nf6 2. g3 g6 3. Bg2 Bg7 4. O-O O-O 5. c4 d6 6. d4 Nbd7 7. Nc3 e5 8. e4 exd4 9. Nxd4 Re8 10. Re1 a6 11. h3 Rb8 12. Be3 Ne5 13. b3 c5 14. Nc2 b5 15. f4 Ned7 16. Qxd6 b4 17. e5 bxc3 18. Rad1 Qa5 19. exf6 Bf8 20. Qd3 Nxf6 21. g4 Nxg4 22. hxg4 Bxg4 23. Rc1 Bf5 24. Qf1 Qxa2 25. Na1 Rbd8 26. Bd5 Qa5 27. Bf2 Bg7 28. Nc2 Qc7 29. Ne3 Bc8 30. Bh4 Bd4 31. Bxd8 Qxd8 32. Qf3 Re7 33. Kg2 Qd7 34. Nc2 Bf6 35. Rxe7 Qxe7 36. Re1 Qc7 37. Ne3 Kg7 38. Re2 h5 39. f5 Qe5 40. fxg6 fxg6 41. Qg3 Qxg3+ 42. Kxg3 Be5+ 43. Kg2 g5 44. Be4 g4 45. Bf5 Bxf5 46. Nxf5+ Kf6 47. Ne3 Bd4 48. Nd5+ Kf5 49. b4 h4 50. b5 h3+ 51. Kg3 Be5+ 52. Kh4 h2 53. Re1 axb5 54. cxb5 c2 55. b6 Bb2 56. Ne3+ Kf4 57. b7 Bf6+ 58. Kh5 Be5 59. Nxg4 1-0

[Event "80th ARM-ch 1st League 2019"]
[Site "Yerevan"]
[Date "2019.08.20"]
[Round "3.5"]
[White "Gevorgyan, Albert"]
[Black "Sargsyan, Shant"]
[Result "0-1"]
[ECO "B59"]
[WhiteElo "2175"]
[BlackElo "2540"]
[Annotator "ChessBase"]
[PlyCount "82"]
[EventDate "2019.08.18"]
[EventType "tourn"]
[EventCountry "ARM"]
[SourceTitle "playchess.com"]
[Source "ChessBase"]
[SourceQuality "1"]
[TimeControl "40/5400+30:1800+30"]

1. Nf3 d6 2. e4 Nf6 3. Nc3 c5 4. d4 cxd4 5. Nxd4 Nc6 6. Be2 e5 7. Nb3 Be7 8. O-O O-O 9. Bg5 Nxe4 10. Nxe4 Bxg5 11. Nxd6 Qb6 12. Bc4 g6 13. Qe2 h5 14. Kh1 Kg7 15. Rad1 f5 16. f4 Bxf4 17. Rxf4 exf4 18. Nd4 Bd7 19. Nf3 Rf6 20. Bb5 Qe3 21. Qc4 a6 22. Bxc6 Bxc6 23. Re1 Qxe1+ 24. Nxe1 Rxd6 25. Nd3 Re8 26. h4 f3 27. gxf3 Bxf3+ 28. Kh2 Bc6 29. Qc3+ Kh7 30. Ne5 Rde6 31. Nxc6 Rxc6 32. Qd3 Rce6 33. Qd5 R8e7 34. Qc5 Re4 35. Kg3 Rg4+ 36. Kf3 Rg7 37. b4 Rxh4 38. a4 Rg4 39. c4 h4 40. a5 h3 41. Qd6 Rxc4 0-1

[Event "80th ARM-ch 1st League 2019"]
[Site "Yerevan"]
[Date "2019.08.20"]
[Round "3.6"]
[White "Mikaelyan, Arman"]
[Black "Harutyunian, Tigran K."]
[Result "1-0"]
[ECO "B23"]
[WhiteElo "2454"]
[BlackElo "2555"]
[Annotator "ChessBase"]
[PlyCount "87"]
[EventDate "2019.08.18"]
[EventType "tourn"]
[EventCountry "ARM"]
[SourceTitle "playchess.com"]
[Source "ChessBase"]
[SourceQuality "1"]
[TimeControl "40/5400+30:1800+30"]

1. e4 c5 2. Nc3 e6 3. f4 d5 4. Nf3 dxe4 5. Nxe4 Nf6 6. Nxf6+ Qxf6 7. g3 Bd7 8. Ne5 Bc6 9. Nxc6 Nxc6 10. Bg2 Rc8 11. O-O h5 12. d3 g6 13. c3 Bg7 14. Be3 Qe7 15. Qa4 a6 16. Qa3 Nb8 17. Rae1 Rc7 18. f5 gxf5 19. Bf4 O-O 20. Bxc7 Qxc7 21. Qb3 b5 22. Qd1 h4 23. g4 f4 24. g5 b4 25. Qh5 Nd7 26. Qxh4 bxc3 27. bxc3 Bxc3 28. Re2 Ne5 29. Qxf4 Qd6 30. Kh1 Qd4 31. Re4 Qd5 32. Qg3 Ng6 33. Rc4 Qe5 34. Qxe5 Bxe5 35. Rxc5 Bd6 36. Rc6 Be7 37. Rxa6 Bxg5 38. Ra8 Be3 39. a4 f5 40. a5 Ne5 41. Rxf8+ Kxf8 42. a6 Ke7 43. Re1 f4 44. a7 1-0

[Event "80th ARM-ch 1st League 2019"]
[Site "Yerevan"]
[Date "2019.08.20"]
[Round "3.7"]
[White "Torosyan, Norayr"]
[Black "Shahinyan, David"]
[Result "1/2-1/2"]
[ECO "C03"]
[WhiteElo "2365"]
[BlackElo "2452"]
[Annotator "ChessBase"]
[PlyCount "96"]
[EventDate "2019.08.18"]
[EventType "tourn"]
[EventCountry "ARM"]
[SourceTitle "playchess.com"]
[Source "ChessBase"]
[SourceQuality "1"]
[TimeControl "40/5400+30:1800+30"]

1. e4 e6 2. d4 d5 3. Nd2 a6 4. Ngf3 c5 5. exd5 exd5 6. dxc5 Bxc5 7. Bd3 Nf6 8. Nb3 Bb6 9. Qe2+ Qe7 10. Qxe7+ Kxe7 11. O-O Nc6 12. Re1+ Be6 13. c3 Rhe8 14. Bf4 Rad8 15. Nfd4 Nxd4 16. Nxd4 Bxd4 17. cxd4 Ne4 18. f3 Nd6 19. g4 h6 20. Kf2 Rc8 21. Rac1 Kd7 22. Be5 f6 23. Rxc8 Nxc8 24. Bf4 Nd6 25. Rc1 Rc8 26. Rxc8 Nxc8 27. Bd2 Ke8 28. Bb4 Kf7 29. Kg3 Ne7 30. h4 Nc6 31. Bc5 g6 32. h5 gxh5 33. gxh5 Bd7 34. Bg6+ Kg7 35. Bc2 Nd8 36. Bb6 Nf7 37. Bc7 Ng5 38. a4 Be8 39. Bb3 Bc6 40. Ba2 Kf7 41. a5 Ne6 42. Bb6 Ng7 43. Kh4 Ke6 44. Bb1 Be8 45. Bc5 Nxh5 46. Bf8 Nf4 47. Bxh6 Bg6 48. Bxf4 Bxb1 1/2-1/2

[Event "80th ARM-ch 1st League 2019"]
[Site "Yerevan"]
[Date "2019.08.21"]
[Round "4.1"]
[White "Shahinyan, David"]
[Black "Gevorgyan, Albert"]
[Result "1-0"]
[ECO "C44"]
[WhiteElo "2452"]
[BlackElo "2175"]
[Annotator "ChessBase"]
[PlyCount "65"]
[EventDate "2019.08.18"]
[EventType "tourn"]
[EventCountry "ARM"]
[SourceTitle "playchess.com"]
[Source "ChessBase"]
[SourceQuality "1"]
[TimeControl "40/5400+30:1800+30"]

1. e4 e5 2. Nf3 Nc6 3. d4 exd4 4. Nxd4 Qf6 5. Nf3 Bb4+ 6. Nbd2 Nge7 7. Be2 O-O 8. O-O Bc5 9. Nc4 d6 10. c3 a5 11. Be3 Bxe3 12. Nxe3 Ng6 13. Nd5 Qd8 14. Nd2 Nce7 15. Nxe7+ Nxe7 16. f4 d5 17. e5 Nf5 18. Rf3 f6 19. Bd3 fxe5 20. fxe5 Be6 21. Qe2 Qg5 22. Raf1 b6 23. h4 Qh5 24. Qf2 g6 25. Rf4 Qh6 26. g3 Qg7 27. Nf3 c5 28. Ng5 Bd7 29. g4 Ne7 30. e6 Rxf4 31. Qxf4 h6 32. exd7 hxg5 33. Qc7 1-0

[Event "80th ARM-ch 1st League 2019"]
[Site "Yerevan"]
[Date "2019.08.21"]
[Round "4.2"]
[White "Chaqryan, Erik"]
[Black "Hayrapetyan, Hovik"]
[Result "1/2-1/2"]
[ECO "B06"]
[WhiteElo "2105"]
[BlackElo "2453"]
[Annotator "ChessBase"]
[PlyCount "35"]
[EventDate "2019.08.18"]
[EventType "tourn"]
[EventCountry "ARM"]
[SourceTitle "playchess.com"]
[Source "ChessBase"]
[SourceQuality "1"]
[TimeControl "40/5400+30:1800+30"]

1. e4 g6 2. d4 Bg7 3. Nc3 c6 4. Be3 d5 5. Qd2 Nf6 6. e5 Ng4 7. f4 c5 8. Nf3 Nxe3 9. Qxe3 c4 10. b3 cxb3 11. axb3 O-O 12. Be2 Bf5 13. Bd3 Bxd3 14. Qxd3 Nc6 15. Ne2 Rc8 16. c3 Qd7 17. O-O a5 18. h3 1/2-1/2

[Event "80th ARM-ch 1st League 2019"]
[Site "Yerevan"]
[Date "2019.08.21"]
[Round "4.3"]
[White "Sargsyan, Shant"]
[Black "Baghdasaryan, Vahe"]
[Result "1-0"]
[ECO "D10"]
[WhiteElo "2540"]
[BlackElo "2373"]
[Annotator "ChessBase"]
[PlyCount "115"]
[EventDate "2019.08.18"]
[EventType "tourn"]
[EventCountry "ARM"]
[SourceTitle "playchess.com"]
[Source "ChessBase"]
[SourceQuality "1"]
[TimeControl "40/5400+30:1800+30"]

1. d4 d5 2. c4 c6 3. cxd5 cxd5 4. Bf4 Nc6 5. e3 Nf6 6. Nc3 Bf5 7. Nf3 e6 8. Be2 Bb4 9. O-O Bxc3 10. bxc3 Ne4 11. Qb3 O-O 12. Qxb7 Nxc3 13. Ba6 Na5 14. Qc7 Nc4 15. Rfe1 Bd3 16. Kh1 Ne4 17. Kg1 Nc3 18. a4 Ne2+ 19. Kh1 Nxf4 20. Qxf4 Nb2 21. Ra2 Bxa6 22. Rxb2 Qa5 23. h4 Rac8 24. Ra1 Qc7 25. Qe5 Qc3 26. Rba2 Bc4 27. Ra3 Qb2 28. Qg3 Bb3 29. Kh2 Rc2 30. Ne5 Bc4 31. h5 h6 32. Ng4 f5 33. Nxh6+ Kh8 34. Qd6 Qb8 35. Nf7+ Kg8 36. Qxb8 Rxb8 37. Ng5 e5 38. dxe5 Rxf2 39. Nh3 Rd2 40. Nf4 Re8 41. e6 d4 42. Re1 Bxe6 43. exd4 Bd7 44. Rxe8+ Bxe8 45. d5 Rd4 46. Kg3 Bf7 47. Rc3 Rxa4 48. Rc8+ Kh7 49. Rc7 Bg8 50. d6 Rd4 51. d7 Bb3 52. Rxa7 Kh6 53. Ra3 Bc2 54. Ra6+ g6 55. Rxg6+ Kh7 56. Ne6 f4+ 57. Kh2 Rxd7 58. Nf8+ 1-0